 Dungeon Crawl Stone Soup version 0.23.1 (webtiles) character file.

Game seed: 6160811952665459214

3213 Hasart the Conjurer (level 9, -3/49 HPs)
             Began as a Deep Elf Earth Elementalist on Mar 2, 2019.
             Was a Priest of Sif Muna.
             Killed from afar by a gargoyle (21 damage)
             ... with a stone arrow
             ... on level 8 of the Dungeon.
             The game lasted 00:23:52 (8422 turns).

Hasart the Conjurer (Deep Elf Earth Elementalist)   Turns: 8422, Time: 00:23:53

Health: -3/49      AC:  3    Str:  5    XL:     9   Next: 65%
Magic:  15/31      EV: 17    Int: 21    God:    Sif Muna [***...]
Gold:   456        SH:  0    Dex: 21    Spells: 13/22 levels left

rFire    + . .     SeeInvis .   E - +7 dagger "Enesiyw" {venom, rPois Int-3 Dex+6}
rCold    . . .     Gourm    .   (no shield)
rNeg     . . .     Faith    .   c - +0 robe
rPois    +         Spirit   .   (no helmet)
rElec    .         Reflect  .   (no cloak)
rCorr    .         Harm     .   s - +0 pair of gloves
MR       .....                  (no boots)
Stlth    ++........             u - amulet of magic regeneration
HPRegen  0.16/turn              x - ring of magical power
MPRegen  0.47/turn              p - ring of protection from fire

@: no status effects
A: no striking features
a: Divine Energy, Channel Magic, Renounce Religion


You were on level 8 of the Dungeon.
You worshipped Sif Muna.
Sif Muna was most pleased with you.
You were hungry.

You visited 2 branches of the dungeon, and saw 9 of its levels.

You collected 456 gold pieces.

Inventory:

Hand Weapons
 A - a +3 rapier of venom
 E - the +7 dagger "Enesiyw" (weapon) {venom, rPois Int-3 Dex+6}
   (You found it on level 8 of the Dungeon)

   It poisons the flesh of those it strikes.
   It affects your intelligence (-3).
   It affects your dexterity (+6).
   It protects you from poison.
Missiles
 b - 146 stones (quivered)
Armour
 c - a +0 robe (worn)
 s - a +0 pair of gloves (worn)
 F - a +1 buckler of protection
Jewellery
 m - an uncursed ring of flight
 p - a ring of protection from fire (right hand)
 u - an amulet of magic regeneration (around neck)
 x - a ring of magical power (left hand)
 y - a cursed ring of teleportation {unknown}
Wands
 o - a wand of flame (31)
Scrolls
 a - 2 scrolls of immolation {unknown}
 e - 2 scrolls of random uselessness {unknown}
 g - 4 scrolls of remove curse {unknown}
 i - a scroll of magic mapping {unknown}
 j - 2 scrolls of enchant weapon {unknown}
 l - 2 scrolls of amnesia {unknown}
 q - 3 scrolls of teleportation {unknown}
 r - 4 scrolls of identify {unknown}
 t - 2 scrolls of noise {unknown}
 w - a scroll of fear {unknown}
Potions
 f - 3 potions of mutation {unknown}
 h - 3 potions of flight {unknown}
 k - 4 potions of curing {unknown}
 n - a potion of might {unknown}
 v - 2 potions of lignification {unknown}
 z - a potion of invisibility {unknown}
 B - 2 potions of magic {unknown}
 C - a potion of heal wounds {unknown}
 D - a potion of haste {unknown}
Comestibles
 d - 11 rations
 G - 4 chunks of flesh


   Skills:
 + Level 2.6 Fighting
 - Level 3.0 Short Blades
 + Level 6.5 Dodging
 - Level 2.4 Stealth
 + Level 7.3 Spellcasting
 * Level 7.5 Conjurations
   Level 1.1 Transmutations
 + Level 6.7 Earth Magic
 + Level 4.6 Invocations
 + Level 3.6 Evocations


You had 13 spell levels left.
You knew the following spells:

 Your Spells              Type           Power        Failure   Level  Hunger
a - Stone Arrow           Conj/Erth      #####.       1%          3    None
b - Sandblast             Erth           #####.       1%          1    None
c - Lee's Rapid Deconstr  Erth           #####.....   14%         5    #####..

Your spell library contained the following spells:

 Spells                   Type           Power        Failure   Level  Hunger
 Passwall                 Tmut/Erth      ###.....     2%          2    None
 Petrify                  Tmut/Erth      ###.....     17%         4    ###....


Dungeon Overview and Level Annotations

Branches:
Dungeon (8/15)             Temple (1/1) D:4
   Lair: D:8-11

Altars:
Ashenzari
Cheibriados
Dithmenos
Elyvilon
Gozag
Hepliaklqana
Kikubaaqudgha
Nemelex Xobeh
Okawaru
Qazlal
Ru
Sif Muna
Trog
Uskayaw
Wu Jian
Xom
Yredelemnul
Zin
The Shining One


Message History

The stone arrow hits the jelly!
The jelly is almost dead.
Casting: Stone Arrow (safe; 1% risk of failure)
Confirm with . or Enter, or press ? or * to list all spells.
Aiming: Stone Arrow (safe; 1% risk of failure)
Press: ? - help, Shift-Dir - straight line, f/p - jelly
Aim: a jelly (almost dead)
The stone arrow hits the jelly!
You kill the jelly!
Sif Muna accepts your kill.
You are no longer corroded.
You now have 456 gold pieces (gained 11).
A gargoyle comes into view. It is wielding a +0 flail.
The gargoyle hurls a stone arrow at you.
The stone arrow hits you!
You see here a howler monkey corpse.
You butcher the howler monkey corpse.
The gargoyle hurls a stone arrow at you.
The stone arrow hits you!!
You die...

................#.###(#
##..........#.#.##....(#
#.....................##
###....................(..
#.............#..#.##...##
...>.........9...#..#..<..
.................##..)....
.................##(......
........†@<)...####.##....
....≈.≈.≈............[....
...≈##'##≈.÷..............
... #.. ##$....#..........
#.# #.†..[..÷)....... #J
#..#%..(.#....... ##
#.......###......
#.....)..........
#..##.<.####......


You could see a gargoyle.

Vanquished Creatures
  Pikel (D:6)
  Eustachio (D:6)
  3 orc warriors (D:7)
  2 slaves (D:6)
  A sky beast (D:7)
  2 ice beasts
  A necrophage (D:6)
  An ogre (D:7)
  A centaur (D:6)
  2 big kobolds
  2 bullfrogs
  4 howler monkeys
  A bullfrog zombie (D:6)
  3 crimson imps
  2 centaur zombies (D:6)
  4 jellies (D:8)
  An orc priest (D:7)
  2 centaur skeletons (D:4)
  A gnoll shaman (D:4)
  3 bullfrog skeletons
  3 hounds
  8 orc wizards
  Jessica (D:3)
  Terence (D:3)
  6 worker ants
  A killer bee zombie (D:6)
  2 hound skeletons
  3 worker ant zombies
  2 howler monkey skeletons
  3 gnolls
  7 adders
  A shadow imp (D:6)
  6 oozes
  An adder zombie (D:6)
  An adder skeleton (D:5)
  3 worms
  A dart slug (D:2)
  7 leopard geckos
  20 orcs
  5 bats
  9 giant cockroaches
  6 hobgoblins
  6 jackals
  15 kobolds
  5 quokkas
  2 frilled lizards
  12 goblins
  A jackal skeleton (D:4)
  A leopard gecko zombie (D:6)
  2 quokka skeletons
  A quokka zombie (D:6)
  13 rats
193 creatures vanquished.

Notes
Turn   | Place    | Note
-------+----------+-------------------------------------------
     0 | D:1      | Hasart the Deep Elf Earth Elementalist began the quest for
                  | the Orb.
     0 | D:1      | Reached XP level 1. HP: 10/10 MP: 6/6
   165 | D:1      | Reached XP level 2. HP: 15/15 MP: 5/8
   798 | D:1      | Reached XP level 3. HP: 19/19 MP: 8/10
   803 | D:1      | Learned a level 3 spell: Stone Arrow
  1111 | D:2      | Found an ornate altar of the Wu Jian Council.
  1118 | D:2      | Found a shimmering altar of Xom.
  1121 | D:2      | Reached skill level 1 in Conjurations
  1124 | D:2      | Found a hide-covered altar of Uskayaw.
  1252 | D:2      | Reached XP level 4. HP: 24/24 MP: 8/11
  1307 | D:2      | Found a deep blue altar of Sif Muna.
  1312 | D:2      | Became a worshipper of Sif Muna the Loreminder
  1327 | D:2      | Found a snail-covered altar of Cheibriados.
  2003 | D:3      | Noticed Terence
  2131 | D:3      | Killed Terence
  2294 | D:4      | Reached XP level 5. HP: 16/28 MP: 0/13
  2399 | D:4      | Learned a level 5 spell: Lee's Rapid Deconstruction
  2977 | D:3      | Noticed Jessica
  2981 | D:3      | Killed Jessica
  3351 | D:4      | Reached skill level 1 in Invocations
  3359 | D:3      | Reached * piety under Sif Muna
  3359 | D:3      | Reached XP level 6. HP: 26/32 MP: 1/14
  3979 | D:4      | Found an opulent altar of Gozag.
  4005 | D:4      | Found a staircase to the Ecumenical Temple.
  4014 | Temple   | Entered the Ecumenical Temple
  4903 | D:5      | Entered Level 5 of the Dungeon
  5101 | D:5      | Reached skill level 5 in Earth Magic
  5537 | D:6      | Reached skill level 5 in Spellcasting
  5667 | D:6      | Reached XP level 7. HP: 32/36 MP: 16/16
  5818 | D:6      | Noticed Eustachio
  5823 | D:6      | Killed Eustachio
  5880 | D:6      | Reached skill level 5 in Conjurations
  6102 | D:6      | Found a basalt altar of Yredelemnul.
  6139 | D:6      | Reached skill level 5 in Dodging
  6254 | D:6      | Reached XP level 8. HP: 29/42 MP: 15/18
  6657 | D:6      | Noticed Pikel
  6677 | D:6      | Killed Pikel
  6677 | D:6      | Reached ** piety under Sif Muna
  6677 | D:6      | Reached skill level 1 in Fighting
  6677 | D:6      | Reached skill level 1 in Short Blades
  6677 | D:6      | Reached skill level 1 in Evocations
  7242 | D:7      | Found a bloodstained altar of Trog.
  7284 | D:7      | Reached XP level 9. HP: 16/48 MP: 9/20
  8225 | D:7      | Reached *** piety under Sif Muna
  8275 | D:8      | Got an ebony dagger
  8292 | D:8      | Identified the +7 dagger "Enesiyw" {venom, rPois Int-3
                  | Dex+6} (You found it on level 8 of the Dungeon)
  8416 | D:8      | Noticed a gargoyle
  8422 | D:8      | Killed from afar by a gargoyle

Skill      XL: |  1  2  3  4  5  6  7  8  9 |
---------------+----------------------------+-----
Earth Magic    | 4 5 6 |  6.7
Dodging        | 3 4 5 6 |  6.5
Conjurations   | 1 2 3 4 5 6 7 |  7.5
Spellcasting   | 4 5 6 7 |  7.3
Invocations    | 1 2 3 4 |  4.6
Fighting       | 1 2 |  2.6
Short Blades   | 2 3 |  3.0
Evocations     | 2 3 |  3.6
Stealth        | |  2.4
Transmutations | |  1.1

Action                   |  1- 3 |  4- 6 |  7- 9 || total
-------------------------+-------+-------+-------++-------
Melee: Mace              |     4 |    16 |       ||    20
       Unarmed           |     1 |       |       ||     1
       Trident           |       |    20 |       ||    20
       Rapier            |       |       |    49 ||    49
       Dagger            |       |       |     1 ||     1
 Cast: Sandblast         |    52 |    11 |    14 ||    77
       Stone Arrow       |       |    76 |   126 ||   202
       Lee's Rapid Decon |       |       |    13 ||    13
 Stab: Sleeping          |       |     1 |     1 ||     2
  Eat: Chunk             |     1 |    13 |    14 ||    28
       Ration            |       |     1 |       ||     1
Armor: Robe              |     6 |     4 |    15 ||    25
Dodge: Dodged            |     9 |    54 |    88 ||   151
